 Dungeon Crawl Stone Soup version 0.25-a0-670-g50981ef59b (console) character file.

Game seed: 8376472756551676915, levelgen mode: classic

256 Duffy the Chopper (level 5, 34/36 HPs)
             Began as a Deep Dwarf Fighter on Mar 29, 2020.
             Quit the game on level 4 of the Dungeon.
             The game lasted 00:05:14 (3476 turns).

Duffy the Chopper (Deep Dwarf Fighter)              Turns: 3476, Time: 00:05:15

Health: 34/36      AC: 15    Str: 19 (20) XL:     5   Next: 92%
Magic:  5/5        EV:  7    Int:  7 (9)  God:
Gold:   284        SH:  9    Dex: 11 (12) Spells: 4/4 levels left

rFire    . . .     SeeInvis .   a - +1 war axe
rCold    . . .     Gourm    .   c - +0 kite shield
rNeg     + . .     Faith    .   s - +3 scale mail {rN+}
rPois    +         Spirit   .   e - +0 helmet
rElec    .         Reflect  .   (no cloak)
rCorr    .         Harm     .   l - +1 pair of gloves
MR       .....                  (no boots)
Stlth    ..........             (no amulet)
HPRegen  0.00/turn              h - ring of poison resistance
MPRegen  0.09/turn              (no ring)

@: non-regenerating
A: damage resistance, heal wounds, molten scales 1, frail 2, sense surroundings
1, no regeneration
a: Heal Wounds


You were on level 4 of the Dungeon.
You were not hungry.

You visited 1 branch of the dungeon, and saw 4 of its levels.
You also visited: Sewer.

You collected 284 gold pieces.

Inventory:

Hand Weapons
 a - a +1 war axe (weapon)
 q - a +2 whip of flaming
Armour
 c - a +0 kite shield (worn)
 e - a +0 helmet (worn)
 l - a +1 pair of gloves (worn)
 s - a +3 scale mail of positive energy (worn)
Jewellery
 h - a ring of poison resistance (left hand)
Scrolls
 b - 3 scrolls of enchant armour
 i - 2 scrolls of fear
 p - 2 scrolls of enchant weapon
 r - 4 scrolls of teleportation
 t - a scroll of fog {unknown}
 u - a scroll of remove curse
Potions
 d - a potion of might
 g - 3 potions of stabbing
 j - a potion of haste
 k - 6 potions of curing
 m - a potion of magic {unknown}
Comestibles
 f - 12 rations
 n - 3 chunks of flesh


   Skills:
 - Level 2.6 Fighting
 + Level 6.9 Axes
 - Level 3.2 Armour
 - Level 3.2 Shields


You had 4 spell levels left.
You didn't know any spells.
Your spell library was empty.

Dungeon Overview and Level Annotations

Branches:
Dungeon (4/15)              Sewer (visited)
 Temple: D:4-7

Altars:
Dithmenos
Kikubaaqudgha
Sif Muna
Uskayaw
Zin


Innate Abilities, Weirdness & Mutations

You are resistant to damage.
You can heal yourself by infusing magical energy.
You passively map a small area around you.
You do not regenerate.
You are partially covered in molten scales. (AC +2)
You are very frail. (-20% HP)


Message History

The adder skeleton is severely damaged.
You hit the withered plant but do no damage.
You block the adder skeleton's attack.
You hit the adder skeleton.
You destroy the adder skeleton!
You hit the withered plant but do no damage.
You see here a mace.
No target in view!
v - a scroll of identify
As you read the scroll of identify, it crumbles to dust.
o - a potion of mutation Some of the chunks of flesh in your inventory have rotted away.
f - 12 rations (gained 1)
You open the door.
Found a stone staircase leading down.
There is an open door here.
You feel extremely strange.
You feel frail. x2
Molten scales grow over part of your body.
Are you sure you want to abandon this character and quit the game? (Confirm with "yes".)

, , * , >.# , * * *#.#
....#.# * ...#.# ,
#..#.# , , ,, ,..#.#
#.#.# #...
,..######.#@####
#...###..#...........#
#....#...............#
.P..<#.# #...........#
#.P.PP.# ######.######
#..PPP.### #.#
.........### #.#
...#.......# #.#
_..##P.....# #.#


There were no monsters in sight!

Vanquished Creatures
  A hound (D:4)
  An iguana (D:3)
  A hound skeleton (D:4)
  3 gnolls (D:2)
  An adder (D:2)
  A river rat (D:3)
  4 oozes (Sewer)
  An adder skeleton (D:4)
  3 worms
  2 dart slugs
  5 leopard geckos
  8 orcs
  7 giant cockroaches
  5 goblins
  8 hobgoblins
  8 jackals
  2 quokkas
  3 ball pythons (Sewer)
  9 bats
  4 frilled lizards
  8 kobolds
  A leopard gecko skeleton (D:4)
  13 rats
99 creatures vanquished.

Notes
Turn   | Place    | Note
-------+----------+-------------------------------------------
     0 | D:1      | Duffy the Deep Dwarf Fighter began the quest for the Orb.
     0 | D:1      | Reached XP level 1. HP: 20/20 MP: 1/1
    96 | D:1      | Reached skill level 3 in Axes
   104 | D:1      | Reached XP level 2. HP: 24/27 MP: 2/2
   778 | D:2      | Found a shadowy altar of Dithmenos.
   889 | D:2      | Reached XP level 3. HP: 23/33 MP: 3/3
   893 | D:2      | Reached skill level 4 in Axes
  1241 | D:2      | Reached XP level 4. HP: 40/40 MP: 4/4
  1682 | D:3      | Found a glowing drain.
  1683 | D:3      | Reached skill level 5 in Axes
  1712 | Sewer    | Entered a sewer
  2301 | Sewer    | Reached XP level 5. HP: 37/46 MP: 5/5
  2456 | D:3      | Reached skill level 6 in Axes
  2973 | D:3      | Found a hide-covered altar of Uskayaw.
  2973 | D:3      | Found a glowing silver altar of Zin.
  3312 | D:4      | Found a shimmering blue altar of Sif Muna.
  3364 | D:4      | Found an ancient bone altar of Kikubaaqudgha.
  3475 | D:4      | Gained mutation: You are frail. (-10% HP) [potion of
                  | mutation]
  3475 | D:4      | Gained mutation: You are very frail. (-20% HP) [potion of
                  | mutation]
  3475 | D:4      | Gained mutation: You are partially covered in molten
                  | scales. (AC +2) [potion of mutation]
  3476 | D:4      | Quit the game

Levels and vault maps discovered:
D:1:      dpeg_arrival_ratfight, layout_loops_ring, minivault_27,
          corexii_item_surrounded_by_moat
D:2:      layout_loops_corners, nicolae_dithmenos_shadow_blocks,
          dk_noncrumbling_3
D:3:      layout_loops_ring, gammafunk_temple_overflow_elements,
          portal_sewer_entry_a, grunt_decor_clamped
D:4:      layout_basic, overflow_temple_1_default, kiku_gazebo_garden_becter

Skill      XL: |  1  2  3  4  5 |
---------------+----------------+-----
Axes           | 3 4 5 6 |  6.9
Fighting       | |  2.6
Armour         | |  3.2
Shields        | |  3.2

Action                   |  1- 3 |  4- 6 || total
-------------------------+-------+-------++-------
Melee: War axe           |    96 |   189 ||   285
 Abil: Heal Wounds       |     1 |     1 ||     2
  Use: Scroll            |       |    11 ||    11
       Potion            |       |     4 ||     4
  Eat: Chunk             |     1 |     8 ||     9
Armor: Scale mail        |    34 |    11 ||    45
       Chain mail        |       |   121 ||   121
Dodge: Dodged            |    29 |    36 ||    65
Block: Kite shield       |    38 |   108 ||   146

Table legend:
 A = Non-vault XP
 B = Vault XP
 C = Vault XP percentage of total XP
 D = Non-vault monster count
 E = Vault monster count
 F = Vault count percentage of total count
                 A         B        C        D         E       F
            +---------+---------+-------+---------+---------+-------
      Total |     276 |      91 |  24.8 |      68 |      31 |  31.3
            +---------+---------+-------+---------+---------+-------
        D:1 |      26 |       5 |  16.1 |      15 |       5 |  25.0
        D:2 |      82 |       0 |   0.0 |      20 |       0 |   0.0
        D:3 |      89 |      15 |  14.4 |      25 |       3 |  10.7
        D:4 |      79 |       0 |   0.0 |       8 |       0 |   0.0
      Sewer |       0 |      71 | 100.0 |       0 |      23 | 100.0
            +---------+---------+-------+---------+---------+-------
